 Dungeon Crawl Stone Soup version 0.30.1-4-g462c640d31 (webtiles) character file.

Game seed: 13138571355364146814

154434 LynnLen the Bewitcher (level 17, -1/89 HPs)
             Began as a Spriggan Enchanter on Aug 16, 2023.
             Was the Champion of Dithmenos.
             Slain by a naga warrior (4 damage)
             ... on level 2 of the Snake Pit.
             The game lasted 02:35:34 (43786 turns).

LynnLen the Bewitcher (Spriggan Enchanter)         Turns: 43786, Time: 02:35:35

Health: -1/89      AC: 12    Str: 11    XL:     17   Next: 6%
Magic:  19/36      EV: 23    Int: 19    God:    Dithmenos [******]
Gold:   797        SH: 12    Dex: 17    Spells: 4/44 levels left

rFire   + . .        v - +5 dagger (elec)
rCold   . . .        d - +2 buckler
rNeg    . . .        X - +1 acid dragon scales
rPois   +            g - +2 hat
rElec   .            (no cloak)
rCorr   +            (gloves unavailable)
SInv    +            (boots unavailable)
Will    +++++        f - amulet of reflection Stlth ***+++++++
                     k - ring "Zomnao" {+Blink rC+}
HPRegen 0.34/turn    J - ring "Atzu Jek" {Fire *Corrode rPois Will+++ Str+3}
MPRegen 0.25/turn

%: corrode self (3%), reflection
@: wreathed by umbra, constricted, invisible, very quick
A: very small, no large weapons, unfitting armour, see invisible, speed 3,
iridescent scales 1, screaming 1
a: Renounce Religion, Evoke Blink, Shadow Step, Shadow Form


You were on level 2 of the Snake Pit.
You worshipped Dithmenos.
Dithmenos was exalted by your worship.
You visited 6 branches of the dungeon, and saw 26 of its levels.
You also visited: Sewer, Bailey and Ice Cave.

You collected 3058 gold pieces.
You spent 2261 gold pieces at shops.

Inventory:

Hand Weapons
 v - a +5 dagger of electrocution (weapon)
 V - a +3 long sword of electrocution
Armour
 d - a +2 buckler (worn)
 g - a +2 hat (worn)
 B - +2 ice dragon scales
 H - a scarf of invisibility
 W - a scarf of resistance
 X - +1 acid dragon scales (worn)
Jewellery
 b - an amulet of the acrobat
 f - an amulet of reflection (around neck)
 j - a +6 ring of intelligence
 k - the ring "Zomnao" (left hand) {+Blink rC+}
   (You found it on level 8 of the Dungeon)

   [ring of protection from cold]

   rC:        It protects you from cold.
   +Blink:    It lets you blink.
 p - a ring of fire
 z - a +5 ring of evasion
 J - the ring "Atzu Jek" (right hand) {Fire *Corrode rPois Will+++ Str+3}
   (You found it in an ice cave)

   [ring of fire]

   It enhances your fire magic.
   Str:       It affects your strength (+3).
   rF:        It protects you from fire.
   rC:        It makes you vulnerable to cold.
   rPois:     It protects you from poison.
   *Corrode:  It may corrode you when you take damage.
   Will:      It greatly increases your willpower.
 M - a ring of ice
 P - an amulet of regeneration
 R - a ring of flight
 T - a +6 ring of dexterity
Wands
 l - a wand of polymorph (6)
 y - a wand of acid (11)
 C - a wand of paralysis (14)
 I - a wand of roots (17)
 L - a wand of mindburst (7)
Scrolls
 a - 5 scrolls of butterflies
 e - 4 scrolls of amnesia
 n - 3 scrolls of vulnerability
 q - 13 scrolls of identify
 r - 10 scrolls of teleportation
 s - 5 scrolls of fear
 u - 2 scrolls of torment
 A - 3 scrolls of immolation
 E - 5 scrolls of fog
 K - 2 scrolls of brand weapon
 Q - 3 scrolls of silence
 U - a scroll of enchant armour
 Y - a scroll of poison
 Z - a scroll of magic mapping
Potions
 c - a potion of invisibility
 m - 6 potions of attraction
 o - 3 potions of flight
 t - 2 potions of berserk rage
 w - 5 potions of curing
 x - 8 potions of brilliance
 D - 2 potions of resistance
 F - 3 potions of cancellation
 G - 6 potions of haste
 O - a potion of might
 S - 3 potions of lignification
Miscellaneous
 h - a phantom mirror


   Skills:
 + Level 10.1 Fighting
 - Level 10.0 Short Blades
 + Level 4.3 Armour
 + Level 15.5 Dodging
 + Level 18.4 Stealth
 - Level 4.0 Shields
 + Level 14.2 Spellcasting
 * Level 18.7 Hexes
 + Level 9.0 Transmutations
 - Level 4.0 Ice Magic
 + Level 2.7 Evocations


You had 4 spell levels left.
You knew the following spells:

 Your Spells              Type           Power      Damage    Failure   Level
a - Ensorcelled Hibernat  Hex/Ice        100%       N/A       1%          2
b - Confusing Touch       Hex            71%        N/A       0%          3
c - Tukima's Dance        Hex            71%        N/A       0%          3
d - Yara's Violent Unrav  Hex/Tmut       30%        3d13      1%          5
e - Enfeeble              Hex            35%        N/A       4%          7
f - Statue Form           Tmut/Erth      20%        N/A       94%         6
g - Necromutation         Tmut/Necr      15%        N/A       100%        8
h - Plasma Beam           Fire/Air       10%        2x1d23    100%        6

Your spell library contained the following spells:

 Spells                   Type           Power      Damage    Failure   Level
 Freeze                   Ice            100%       1d10      1%          1
 Dazzling Flash           Conj/Hex       98%        N/A       1%          3
 Inner Flame              Hex/Fire       65%        N/A       1%          3
 Frozen Ramparts          Ice            56%        1d9       6%          3
 Ice Form                 Ice/Tmut       38%        N/A       7%          4
 Apportation              Tloc           26%        N/A       11%         1
 Kiss of Death            Conj/Necr      52%        2d9       11%         1
 Necrotise                Necr           52%        1d6       11%         1
 Summon Small Mammal      Summ           52%        N/A       11%         1
 Hailstorm                Conj/Ice       21%        3d6       14%         3
 Cigotuvi's Dreadful Rot  Necr/Pois/Air  26%        N/A       16%         2
 Petrify                  Tmut/Erth      30%        N/A       16%         4
 Vhi's Electric Charge    Tloc/Air       26%        N/A       30%         3
 Volatile Blastmotes      Fire/Tloc      40%        2d13      30%         3
 Dispel Undead            Necr           13%        3d9       71%         4
 Iskenderun's Mystic Bla  Conj/Tloc      13%        2d5       71%         4
 Manifold Assault         Tloc           13%        N/A       71%         4
 Metabolic Englaciation   Hex/Ice        27%        N/A       2%          5
 Arcjolt                  Conj/Air       6%         1d16      96%         5
 Death Channel            Necr           6%         N/A       100%        6
 Dispersal                Tloc           6%         N/A       100%        6
 Simulacrum               Ice/Necr       10%        N/A       100%        6
 Starburst                Conj/Fire      10%        6d5       100%        6
 Ozocubu's Refrigeration  Ice            14%        4d10      100%        7
 Borgnjor's Revivificati  Necr           6%         N/A       100%        8
 Disjunction              Tloc           6%         N/A       100%        8
 Death's Door             Necr           6%         N/A       100%        9
 Polar Vortex             Ice            14%        N/A       100%        9


Dungeon Overview and Level Annotations

Branches:
Dungeon (15/15)            Temple (1/1) D:4            Lair (5/5) D:8
 Shoals (0/4) Lair:2        Snake (2/4) Lair:3        Slime (0/5) Lair:4
    Orc (2/2) D:12            Elf (1/3) Orc:2        Vaults (0/5) D:14
 Depths (0/4) D:15          Sewer (visited)          Bailey (visited)
  IceCv (visited)

Altars:
Ashenzari
Cheibriados
Dithmenos
Elyvilon
Fedhas
Gozag
Hepliaklqana
Kikubaaqudgha
Makhleb
Nemelex Xobeh
Okawaru
Qazlal
Ru
Sif Muna
Trog
Uskayaw
Vehumet
Wu Jian
Xom
Yredelemnul
Zin
The Shining One
Jiyva

Shops:
D:8 *   D:10 (   Orc:2 *[=*   Elf:1 (


Innate Abilities, Weirdness & Mutations

You are very small and have problems with some larger weapons.
You are too small for most types of armour.
You have supernaturally acute eyesight. (SInv)
You cover ground extremely quickly. (Speed+++)
You are partially covered in iridescent scales. (AC +2)
You occasionally shout uncontrollably at your foes.


Message History

The naga warrior constricts you.
Aiming: Tukima's Dance (safe; 0% risk of failure)
Press: ? - help, Q - select action, (/) - cycle Shift-Dir - straight line, f/p - naga warrior
Aim: a naga warrior, wielding a +0 dire flail and wearing a +0 robe (constricting you, umbra, chance to affect: 29%)
The +0 dire flail dances into the air!
The naga warrior barely misses you. The naga warrior constricts you.
Unknown command.
You don't have enough magic to cast this spell.
You don't have enough magic to cast this spell.
Magic courses through your body.
The naga sharpshooter spits poison at you.
The splash of poison hits you but does no damage.
You resist. You block the naga warrior's attack.
The naga warrior constricts you.
Aiming: Tukima's Dance (safe; 0% risk of failure)
Press: ? - help, Q - select action, (/) - cycle Shift-Dir - straight line, f - naga sharpshooter, p - naga warrior
Aim: a naga sharpshooter, wielding a +0 arbalest (catching its breath, umbra, chance to affect: 29%)
The naga sharpshooter easily resists.
Your +0 dire flail hits the naga warrior!
The naga sharpshooter shoots a bolt.
The bolt closely misses you.
The naga warrior roars a battlecry!
The naga sharpshooter goes into a battle-frenzy!
The naga warrior constricts you.
You hear an angry hiss.
Aiming: Tukima's Dance (safe; 0% risk of failure)
Press: ? - help, Q - select action, (/) - cycle Shift-Dir - straight line, f/p - naga sharpshooter
Aim: a naga sharpshooter, wielding a +0 arbalest (strong, catching its breath, umbra, chance to affect: 29%)
The naga sharpshooter easily resists.
The naga sharpshooter shoots a bolt.
The bolt hits you!!
* * * LOW HITPOINT WARNING * * *
Your +0 dire flail hits the naga warrior!!
The naga warrior misses you. The naga warrior constricts you.
* * * LOW HITPOINT WARNING * * *
Unknown command.
Okay, then.
You fade into invisibility!
The naga sharpshooter shoots a bolt.
The bolt hits you!
* * * LOW HITPOINT WARNING * * *
The naga warrior hits you.
You die...

#..# #..# #..#
#..# #..# #..# ##
#.N###..###..#
##.#.#..##..# ..
##..#.....<.N#...#
##...#.........# .
##)#..###########
# ##)?@)## #
##)(N.## #
##...)## #...)##
#..### #.##. #. N#
# .# .#


You could see a naga warrior (ally target), a naga sharpshooter (strong,
catching breath) and a friendly +0 dire flail.

Vanquished Creatures
  Vashnia (Snake:2)
  Jorgrun (Snake:2)
  Agnes (Elf:1)
  Kirke (Lair:5)
  3 azure jellies (IceCv)
  A rockslime (IceCv)
  A frost giant (D:15)
  A very ugly thing (D:14)
  3 quicksilver oozes (IceCv)
  5 deep elf death magi (Elf:1)
  A fire dragon (Lair:5)
  The ghost of sheffield53 the Blocker, a journeyman GrFi of Qazlal (Orc:1)
  Harold (Lair:2)
  Fannar (Lair:2)
  6 vault guards
  2 hydras
  2 anacondas (Snake:1)
  2 catoblepae
  A two-headed ogre (Orc:1)
  A death knight (D:13)
  7 centaur warriors
  6 boulder beetles
  3 tengu warriors
  6 death yaks (Lair:4)
  A naga sharpshooter (Snake:2)
  3 orc high priests (Orc:2)
  3 shock serpents (Snake:1)
  Urug (Orc:2)
  Nergalle (Lair:2)
  2 deep elf knights (Elf:1)
  Amaemon (Lair:2)
  A skyshark (Lair:3)
  5 deep elf archers (Elf:1)
  4 orc knights (Orc:2)
  9 deep elf zephyrmancers (Elf:1)
  A swamp dragon (Lair:5)
  A mana viper (Snake:1)
  An oklob plant (Lair:5)
  17 ugly things
  19 deep elf pyromancers
  6 manticores
  3 orc sorcerers (Orc:2)
  3 salamanders (Snake:1)
  5 cyclopes
  18 elephants
  7 naga magi (Snake:1)
  A black mamba (shapeshifter) (D:13)
  2 guardian serpents
  10 black mambas
  3 gargoyles
  An orange demon (Lair:2)
  A torpor snail (Lair:4)
  12 cane toads
  An unseen horror (D:12)
  3 kobold demonologists
  5 rime drakes
  8 komodo dragons
  2 tengu conjurers (D:13)
  15 polar bears
  10 trolls
  A wind drake (Lair:2)
  2 raiju (Lair:5)
  Prince Ribbit (Bailey)
  17 blink frogs
  Grinder (D:3)
  10 dream sheep (Lair:5)
  3 centaur simulacra
  2 shadows
  21 slime creatures
  73 yaks
  5 wraiths
  A yak (shapeshifter) (D:14)
  A wyvern (Lair:5)
  3 water elementals (D:13)
  Eustachio (D:4)
  4 humans (Bailey)
  7 basilisks
  3 steam dragons
  2 vampire mosquitoes (D:13)
  8 wargs
  14 nagas
  6 acid dragons
  Duvessa (D:7)
  13 hell hounds (Lair:5)
  12 water moccasins
  A sky beast (D:8)
  Pargi (Sewer)
  3 ice beasts
  14 orc warriors
  A swamp drake (Lair:5)
  11 black bears (Lair:5)
  A meliai simulacrum (D:11)
  5 great orb of eyes simulacra (IceCv)
  An ogre (Orc:1)
  5 centaurs
  41 wolves
  3 kobold brigands
  6 slime creature simulacra (IceCv)
  An earth elemental (Elf:1)
  19 bullfrogs
  3 wights (D:8)
  6 scorpions
  A gnoll sergeant (D:9)
  3 glowing shapeshifter simulacra (IceCv)
  Dowan (D:7)
  9 killer bees (D:9)
  A howler monkey (D:4)
  10 electric eels
  6 hounds
  5 jellies
  15 orc priests
  A gnoll bouda (D:10)
  3 sleepcaps
  Ijyb (D:4)
  5 iguanas
  28 orc wizards
  7 hell rats
  3 boggart simulacra (D:15)
  Robin (D:3)
  9 gnolls
  9 adders
  A shadow imp (D:7)
  4 white imps
  3 ufetubi
  5 worms
  2 dart slugs
  59 orcs
  8 ball pythons
  7 endoplasms
  7 giant cockroaches
  17 goblins
  12 hobgoblins
  10 quokkas
  14 bats
  6 frilled lizards
  20 kobolds
  4 rats
  A butterfly (Lair:4)
876 creatures vanquished.

Vanquished Creatures (collateral kills)
  9 two-headed ogres
  An orc knight (Orc:2)
  A naga (Snake:2)
  6 orc warriors
  3 ogres
  A centaur (D:15)
  2 gnoll sergeants
  A wight (D:8)
  An orc priest (Orc:1)
  An orc wizard (Orc:2)
  8 gnolls
  A white imp (D:11)
  14 orcs
  An endoplasm (D:4)
50 creatures vanquished.

Vanquished Creatures (others)
  4 humans (Lair:5)
  17 dancing weapons
  An orc priest (Orc:2)
  An orc wizard (Orc:2)
23 creatures vanquished.

Grand Total: 949 creatures vanquished

Notes
Turn   | Place    | Note
-------+----------+-------------------------------------------
     0 | D:1      | LynnLen the Spriggan Enchanter began the quest for the Orb.
     0 | D:1      | Reached XP level 1. HP: 9/9 MP: 5/5
   395 | D:1      | Reached XP level 2. HP: 13/13 MP: 6/6
   398 | D:1      | Learned a level 2 spell: Ensorcelled Hibernation
  1761 | D:2      | Reached XP level 3. HP: 17/17 MP: 8/8
  1785 | D:2      | Learned a level 3 spell: Confusing Touch
  1789 | D:2      | Learned a level 3 spell: Tukima's Dance
  3271 | D:3      | Noticed a water moccasin
  3309 | D:3      | Killed a water moccasin
  3310 | D:3      | Reached skill level 1 in Fighting
  3310 | D:3      | Reached skill level 5 in Stealth
  3310 | D:3      | Reached skill level 1 in Ice Magic
  3310 | D:3      | Reached XP level 4. HP: 17/22 MP: 0/10
  3310 | D:3      | Reached XP level 5. HP: 20/25 MP: 0/11
  3345 | D:3      | Found a glowing drain.
  3399 | Sewer    | Entered a sewer
  3472 | Sewer    | Noticed Pargi
  3482 | Sewer    | Killed Pargi
  3483 | Sewer    | Reached XP level 6. HP: 30/30 MP: 12/12
  3658 | D:3      | Reached skill level 1 in Shields
  3661 | D:3      | Noticed Grinder
  3774 | D:3      | Killed Grinder
  3775 | D:3      | Reached skill level 5 in Hexes
  4202 | D:3      | Found a faded altar of an unknown god.
  4274 | D:3      | Noticed Robin
  4292 | D:3      | Killed Robin
  4474 | D:4      | Noticed Ijyb
  4478 | D:4      | Killed Ijyb
  4479 | D:4      | Reached XP level 7. HP: 33/33 MP: 13/13
  4808 | D:4      | Found a glowing golden altar of the Shining One.
  4918 | D:4      | Found a sacrificial altar of Ru.
  5057 | D:4      | Found a staircase to the Ecumenical Temple.
  5076 | Temple   | Entered the Ecumenical Temple
  5076 | Temple   | Found a transporter.
  5076 | Temple   | Found a transporter.
  5078 | Temple   | Found a transporter.
  5078 | Temple   | Found a transporter.
  5121 | Temple   | Became a worshipper of Dithmenos the Shadowed
  5265 | D:4      | Noticed Eustachio
  5279 | D:4      | Killed Eustachio
  5619 | D:5      | Entered Level 5 of the Dungeon
  5954 | D:5      | Reached XP level 8. HP: 39/39 MP: 12/15
  6467 | D:5      | Reached skill level 5 in Short Blades
  6587 | D:6      | Reached skill level 5 in Dodging
  6639 | D:6      | Reached skill level 1 in Armour
  6814 | D:6      | Reached * piety under Dithmenos
  7092 | D:6      | Reached skill level 5 in Spellcasting
  7092 | D:6      | Reached XP level 9. HP: 43/43 MP: 12/17
  7494 | D:6      | Noticed a moth of wrath
  7496 | D:6      | Found a bloodstained altar of Trog.
  8006 | D:7      | Noticed Dowan
  8007 | D:7      | Noticed Duvessa
  8316 | D:7      | Killed Duvessa
  8320 | D:7      | Killed Dowan
  8326 | D:7      | Reached ** piety under Dithmenos
  8721 | D:8      | Noticed a troll
  8927 | D:8      | Found Jurasum's Fire Supplies.
  8958 | D:8      | Identified the ring "Zomnao" {+Blink rC+}
  9242 | D:8      | Killed a troll
  9245 | D:8      | Reached XP level 10. HP: 49/49 MP: 14/19
  9316 | D:8      | Found a flagged portal.
  9334 | Bailey   | Entered a bailey
  9450 | Bailey   | Reached *** piety under Dithmenos
  9816 | Bailey   | Noticed Prince Ribbit
  9826 | Bailey   | Killed Prince Ribbit
  9888 | Bailey   | Noticed a vault guard
  9938 | Bailey   | Killed a vault guard
 10017 | Bailey   | Noticed a vault guard
 10039 | Bailey   | Killed a vault guard
 10259 | D:8      | Found a sparkling altar of Nemelex Xobeh.
 10683 | D:8      | Found a staircase to the Lair.
 11184 | Lair:1   | Entered Level 1 of the Lair of Beasts
 11195 | Lair:1   | Noticed a cane toad
 11245 | Lair:1   | Killed a cane toad
 11273 | Lair:1   | Noticed a cane toad
 11307 | Lair:1   | Killed a cane toad
 11308 | Lair:1   | Reached XP level 11. HP: 51/54 MP: 19/22
 11718 | Lair:1   | Reached skill level 10 in Stealth
 11887 | Lair:1   | Reached **** piety under Dithmenos
 11935 | Lair:1   | Learned a level 5 spell: Yara's Violent Unravelling
 11943 | Lair:1   | Learned a level 7 spell: Enfeeble
 12258 | Lair:2   | Noticed Amaemon
 12263 | Lair:2   | Killed Amaemon
 12264 | Lair:2   | Reached skill level 1 in Transmutations
 12273 | Lair:2   | Identified the +3 quarterstaff "Isterij" {venom, Fly rCorr}
 12518 | Lair:2   | Noticed Nergalle
 12521 | Lair:2   | Killed Nergalle
 12573 | Lair:2   | Found a staircase to the Shoals.
 12595 | Lair:2   | Noticed Harold
 12658 | Lair:2   | Reached skill level 5 in Fighting
 13027 | Lair:2   | Noticed Fannar
 13033 | Lair:2   | Killed Fannar
 13164 | Lair:2   | Killed Harold
 13165 | Lair:2   | Reached skill level 10 in Short Blades
 13251 | Lair:3   | Reached XP level 12. HP: 60/60 MP: 25/25
 13805 | Lair:3   | Reached skill level 10 in Hexes
 13812 | Lair:3   | Noticed a six-headed hydra
 14012 | Lair:3   | Killed a six-headed hydra
 14160 | Lair:3   | Reached skill level 5 in Transmutations
 14331 | Lair:3   | Found a staircase to the Snake Pit.
 14414 | Lair:2   | Reached ***** piety under Dithmenos
 14872 | Lair:4   | Found a staircase to the Slime Pits.
 14872 | Lair:4   | Found a viscous altar of Jiyva.
 14922 | Lair:4   | Noticed a death yak
 14945 | Lair:4   | Reached skill level 10 in Dodging
 15147 | Lair:4   | Noticed a death yak
 15149 | Lair:4   | Killed a death yak
 15216 | Lair:4   | Noticed a five-headed hydra
 15227 | Lair:4   | Killed a five-headed hydra
 15459 | Lair:4   | Reached XP level 13. HP: 65/65 MP: 17/27
 16439 | Lair:4   | Reached skill level 10 in Spellcasting
 16575 | Lair:5   | Entered Level 5 of the Lair of Beasts
 16607 | Lair:5   | Noticed Kirke
 18778 | Lair:5   | Killed Kirke
 18825 | Lair:5   | Reached XP level 14. HP: 62/72 MP: 12/29
 19943 | Lair:5   | Reached ****** piety under Dithmenos
 22650 | D:10     | Entered Level 10 of the Dungeon
 22650 | D:10     | Found a stormy altar of Qazlal.
 22682 | D:10     | Found Fagget's Antique Weapon Emporium.
 23623 | D:11     | Reached skill level 15 in Stealth
 25173 | D:12     | Found a staircase to the Orcish Mines.
 25887 | Orc:1    | Entered Level 1 of the Orcish Mines
 26342 | Orc:1    | Found a transporter.
 26343 | Orc:1    | Noticed sheffield53's ghost (journeyman GrFi)
 26356 | Orc:1    | Found a transporter.
 26405 | Orc:1    | You fall into a shaft and drop 1 floor!
 26405 | Orc:2    | Entered Level 2 of the Orcish Mines
 26428 | Orc:2    | Reached skill level 15 in Hexes
 26963 | Orc:2    | Found a staircase to the Elven Halls.
 26969 | Orc:2    | Noticed Urug
 27218 | Orc:2    | Killed Urug
 27689 | Orc:2    | Reached XP level 15. HP: 77/77 MP: 7/31
 28190 | Orc:2    | Found Haurr's Assorted Antiques.
 28190 | Orc:2    | Found Gonecoi's Assorted Antiques.
 28197 | Orc:2    | Found Vinyeski's Antique Armour Shop.
 28197 | Orc:2    | Found Laigit's Jewellery Shoppe.
 28215 | Orc:2    | Bought shiny acid dragon scales for 1634 gold pieces
 28232 | Orc:2    | Bought a scroll of enchant armour for 285 gold pieces
 28232 | Orc:2    | Bought a scroll of identify for 76 gold pieces
 28232 | Orc:2    | Bought a scroll of identify for 76 gold pieces
 28232 | Orc:2    | Bought a potion of heal wounds for 190 gold pieces
 28522 | Orc:1    | Killed sheffield53's ghost
 31742 | D:14     | Found a broken altar of Ashenzari.
 32059 | D:14     | Found a gate to the Vaults.
 33184 | D:15     | Entered Level 15 of the Dungeon
 33194 | D:15     | Found a frozen archway.
 33388 | IceCv    | Entered an ice cave
 34139 | IceCv    | Reached XP level 16. HP: 32/84 MP: 4/34
 34291 | IceCv    | HP: 4/84 [drowned by a quicksilver ooze (3)]
 34307 | IceCv    | Found a viscous altar of Jiyva.
 34322 | IceCv    | Identified the ring "Atzu Jek" {Fire *Corrode rPois Will+++
                  | Str+3}
 35366 | IceCv    | Gained mutation: You occasionally shout uncontrollably at
                  | your foes. [you]
 35583 | IceCv    | Identified the +8 chain mail of the Unbearable God {rElec
                  | Stlth+}
 36395 | D:15     | Found a staircase to the Depths.
 37551 | Elf:1    | Entered Level 1 of the Elven Halls
 37892 | Elf:1    | Learned a level 6 spell: Statue Form
 37901 | Elf:1    | Learned a level 8 spell: Necromutation
 37908 | Elf:1    | Learned a level 6 spell: Plasma Beam
 38709 | Elf:1    | Found Bylonel's Weapon Emporium.
 38815 | Elf:1    | Reached skill level 15 in Dodging
 40377 | Elf:1    | Noticed Agnes
 40384 | Elf:1    | Killed Agnes
 41535 | Snake:1  | Entered Level 1 of the Snake Pit
 42082 | Snake:1  | Reached skill level 1 in Evocations
 42246 | Snake:1  | Reached skill level 10 in Fighting
 42750 | Snake:1  | Lost mutation: You occasionally shout uncontrollably at
                  | your foes. [potion of mutation]
 42750 | Snake:1  | Gained mutation: Your flesh is heat resistant. (rF+)
                  | [potion of mutation]
 42750 | Snake:1  | Gained mutation: You are frail. (-10% HP) [potion of
                  | mutation]
 43191 | Snake:1  | Lost mutation: Your flesh is heat resistant. (rF+) [potion
                  | of mutation]
 43191 | Snake:1  | Lost mutation: You are frail. (-10% HP) [potion of
                  | mutation]
 43191 | Snake:1  | Gained mutation: You sometimes lose your temper in combat.
                  | [potion of mutation]
 43191 | Snake:1  | Gained mutation: Your skin changes colour to match your
                  | surroundings (Stealth+). [potion of mutation]
 43196 | Snake:1  | Lost mutation: You sometimes lose your temper in combat.
                  | [potion of mutation]
 43196 | Snake:1  | Lost mutation: Your skin changes colour to match your
                  | surroundings (Stealth+). [potion of mutation]
 43196 | Snake:1  | Gained mutation: You are dopey. (Int -2) [potion of
                  | mutation]
 43196 | Snake:1  | Gained mutation: You passively map a small area around you.
                  | [potion of mutation]
 43196 | Snake:1  | Gained mutation: You have a pair of small horns on your
                  | head. [potion of mutation]
 43197 | Snake:1  | Lost mutation: You are dopey. (Int -2) [potion of mutation]
 43197 | Snake:1  | Lost mutation: You passively map a small area around you.
                  | [potion of mutation]
 43197 | Snake:1  | Gained mutation: Your spells are a little harder to cast,
                  | but a little more powerful. [potion of mutation]
 43197 | Snake:1  | Gained mutation: You are vulnerable to cold. (rC-) [potion
                  | of mutation]
 43199 | Snake:1  | Lost mutation: You are vulnerable to cold. (rC-) [potion of
                  | mutation]
 43199 | Snake:1  | Lost mutation: Your spells are a little harder to cast, but
                  | a little more powerful. [potion of mutation]
 43199 | Snake:1  | Lost mutation: You have a pair of small horns on your head.
                  | [potion of mutation]
 43199 | Snake:1  | Gained mutation: You are dopey. (Int -2) [potion of
                  | mutation]
 43199 | Snake:1  | Gained mutation: You occasionally shout uncontrollably at
                  | your foes. [potion of mutation]
 43199 | Snake:1  | Gained mutation: You are robust. (+10% HP) [potion of
                  | mutation]
 43200 | Snake:1  | Lost mutation: You are robust. (+10% HP) [potion of
                  | mutation]
 43200 | Snake:1  | Lost mutation: You are dopey. (Int -2) [potion of mutation]
 43200 | Snake:1  | Gained mutation: You are partially covered in iridescent
                  | scales. (AC +2) [potion of mutation]
 43416 | Snake:2  | Noticed Vashnia
 43422 | Snake:2  | Killed Vashnia
 43434 | Snake:1  | Reached XP level 17. HP: 77/89 MP: 21/36
 43683 | Snake:2  | Noticed Jorgrun
 43690 | Snake:2  | Killed Jorgrun
 43786 | Snake:2  | HP: 3/89 [naga sharpshooter/bolt[Vashnia] (13)]
 43786 | Snake:2  | Slain by a naga warrior

Illustrated notes

Levels and vault maps discovered:
D:1:      dpeg_arrival_chambers_temple_mockup, layout_basic
D:2:      wad_crossroads, layout_basic
D:3:      layout_loops_ring, gup_sewer_entry_pipe,
          dreamdust_ecumenical_altar_statues, uniq_robin, uniq_grinder
D:4:      layout_cave_pools, tso_metal_star, nicolae_ru_awakened_eye,
          minmay_temple_entry_junction, uniq_eustachio, uniq_ijyb
D:5:      layout_rooms, kennysheep_path_1
D:6:      layout_loops_ring, tgw_trog
D:7:      layout_cave_pools, minivault_11, uniq_duvessa
D:8:      layout_loops_corners, lemuel_doored_altar, erik_lair_island,
          enter_bailey_3, glass_columns_b, nicolae_shop_fire_sale
          [nicolae_sub_dead_trees], skrybe_limestone_x
D:9:      layout_small_grid
D:10:     layout_rooms, amcnicky_altar_gilded, serial_shops,
          nicolae_shop_hallway_stairs, fungi_pond_lemuel,
          kennysheep_generic_room_4
D:11:     layout_irregular_city, serial_ice, serial_ice_f, serial_ice_c,
          serial_ice_b, serial_ice_n
D:12:     layout_basic, erik_orc_4
D:13:     layout_cross, serial_bayou, serial_bayou_pond_c, serial_bayou_shore_a,
          serial_bayou_pond_b, serial_bayou_lagoon_b,
          minmay_the_grid_square_5x5_3x3_mashed
          [minmay_the_grid_square_5x5_comb, minmay_the_grid_square_5x5_corner,
          minmay_the_grid_square_5x5_minivault,
          minmay_the_grid_square_5x5_misaligned,
          minmay_the_grid_square_5x5_megaprize_crossed,
          minmay_the_grid_square_5x5_half_checkered,
          minmay_the_grid_square_5x5_trominoes, minmay_the_grid_square_5x5_meh,
          minmay_the_grid_square_5x5_minimal]
D:14:     layout_cave_pods, lightli_vaults_fourway_checkpoint,
          nicolae_ashenzari_skybound, minmay_misc_feat_enclosed
D:15:     grunt_enter_depths_snipers, layout_irregular_city, minivault_25,
          serial_ice, serial_ice_m, serial_ice_b, serial_ice_o, serial_ice_e,
          serial_ice_l, portal_ice_cave_entry_ugly_swarm,
          minmay_misc_feat_diagonals
Temple:   hellmonk_temple_divided_pantheon
Lair:1:   layout_gridlike
Lair:2:   layout_roguey, minmay_shoals_entry_beasts, grunt_megastairs_2,
          lemuel_fruit_tree, uniq_amaemon, uniq_harold, uniq_fannar,
          uniq_nergalle
Lair:3:   layout_misc_corridors, minmay_snake_entry_guardpost_small,
          beast_lair_carwin_1
Lair:4:   layout_regular_city, nicolae_slime_entry_slimehenge, serial_rivers,
          chequers_serial_rivers_small_b, chequers_serial_rivers_micro_a,
          chequers_serial_rivers_micro_b, chequers_serial_rivers_large_a,
          chequers_serial_rivers_micro_e, beast_lair_carwin_4,
          lemuel_fruit_fields
Lair:5:   hangedman_lair_caniforms_friends, layout_layer_cave,
          guppyfry_lair_end_dragon, uniq_kirke
Snake:1:  layout_cave_shapes
Snake:2:  layout_concentric_octagons, uniq_vashnia, uniq_aizul, uniq_jorgrun
Orc:1:    layout_caves, gammafunk_ghost_smash
Orc:2:    grunt_orc_tribal_feast, layout_diamond_mine, uniq_urug
Elf:1:    layout_geoelf_diagonals, serial_shops, shop,
          minmay_elf_crystal_heptagon, corexii_checkpoint_a,
          roderic_lattice_octagonal_star, uniq_agnes

Skill      XL: |  1  2  3  4  5  6  7  8  9 10 11 12 13 14 15 16 |
---------------+-------------------------------------------------+-----
Dodging        | 3 4 5 6 7 8 10 11 13 14 15 | 15.5
Spellcasting   | 3 4 5 7 8 9 10 11 13 14 | 14.2
Hexes          | 4 5 6 7 8 9 11 13 15 17 18 | 18.7
Short Blades   | 2 3 4 5 6 8 10 | 10.0
Fighting       | 1 2 3 4 5 6 7 8 9 10 | 10.1
Stealth        | 5 6 7 8 9 11 12 14 15 17 18 | 18.4
Ice Magic      | 1 2 3 4 |  4.0
Shields        | 1 2 3 4 |  4.0
Armour         | 1 2 3 4 |  4.3
Transmutations | 3 6 8 9 |  9.0
Evocations     | 2 |  2.7

Action                     |  1- 3 |  4- 6 |  7- 9 | 10-12 | 13-15 | 16-18 || total
---------------------------+-------+-------+-------+-------+-------+-------++-------
  Melee: Dagger            |    77 |   104 |   409 |   527 |  1608 |   555 ||  3280
         Punch             |       |     1 |     5 |     1 |       |       ||     7
         Long sword        |       |       |       |       |       |    26 ||    26
   Cast: Ensorcelled Hiber |    17 |     7 |    42 |    96 |   259 |    43 ||   464
         Confusing Touch   |       |     1 |    11 |    16 |    68 |    42 ||   138
         Tukima's Dance    |       |       |    13 |     6 |   104 |    25 ||   148
         Yara's Violent Un |       |       |       |       |    25 |    20 ||    45
 Invoke: Shadow Step       |       |       |       |     1 |     3 |     2 ||     6
  Evoke: Wand              |       |       |       |     7 |       |     1 ||     8
    Use: Scroll            |     6 |     6 |     9 |     8 |     8 |    18 ||    55
         Potion            |     1 |     1 |     2 |       |    11 |    17 ||    32
   Stab: Sleeping          |    26 |    14 |    41 |    85 |   215 |    52 ||   433
         Invisible         |     1 |     2 |     4 |       |     1 |     3 ||    11
         Confused          |       |     1 |     7 |    15 |    62 |    34 ||   119
         Distracted        |       |       |     1 |     2 |    10 |     3 ||    16
 Armour: Robe              |     7 |    16 |    23 |     3 |       |       ||    49
         Troll leather arm |       |       |       |    11 |    14 |       ||    25
         Acid dragon scale |       |       |       |       |    93 |    58 ||   151
  Dodge: Dodged            |    53 |    71 |   301 |   295 |  1019 |   324 ||  2063
  Block: Other             |     3 |    22 |    77 |    13 |       |       ||   115
         Reflection        |       |       |     3 |       |    17 |    13 ||    33
         Buckler           |       |       |       |   170 |   730 |   263 ||  1163
